 Dungeon Crawl Stone Soup version 0.28.0-43-g3370ac3207 (webtiles) character file.

Game seed: 1071689200655380559

216 RascalDebosk the Conjurer (level 5, -5/21 HPs)
             Began as a Felid Conjurer on Feb 28, 2022.
             Killed from afar by a steam dragon (19 damage)
             ... with a ball of steam
             ... on level 4 of the Dungeon on Mar 2, 2022.
             The game lasted 01:10:44 (6909 turns).

RascalDebosk the Conjurer (Felid Conjurer)          Turns: 6909, Time: 01:10:44

Health: -5/21      AC:  1    Str:  9    XL:     5   Next: 61%
Magic:  10/10      EV: 18    Int: 21    God:
Gold:   191        SH:  5    Dex: 15    Spells: 2/9 levels left
                                        Lives:  0   Deaths: 1

rFire   . . .      SeeInvis +   (weapon unavailable)
rCold   . . .      Faith    .   (shield unavailable)
rNeg    . . .      Spirit   .   (armour unavailable)
rPois   .          Reflect  +   (helmet unavailable)
rElec   .          Harm     .   (cloak unavailable)
rCorr   .          Rampage  .   (gloves unavailable)
Will    .....                   (boots unavailable)
Stlth   +++.......              e - amulet of reflection
HPRegen 0.07/turn               f - +6 ring of strength
MPRegen 0.12/turn               j - ring of wizardry

@: quick
A: very small, claws 1, fangs 3, see invisible, speed 1, shaggy fur 1, stealthy
paws, no weapons or thrown items, no armour, multi-lived
a: no special abilities


You were on level 4 of the Dungeon.
You visited 1 branch of the dungeon, and saw 5 of its levels.

You collected 191 gold pieces.

Inventory:

Jewellery
 e - an amulet of reflection (around neck)
 f - a +6 ring of strength (left paw)
 j - a ring of wizardry (right paw)
Scrolls
 k - a scroll of noise {unknown}
 l - a scroll of vulnerability
 n - a scroll of acquirement {unknown}
 o - a scroll of enchant armour {unknown}
 p - a scroll of blinking {unknown}
Potions
 a - 2 potions of curing
 b - a potion of cancellation {unknown}
 c - a potion of brilliance {unknown}
 g - a potion of lignification {unknown}
 h - 2 potions of flight
 i - 2 potions of heal wounds {unknown}
 q - a potion of degeneration {unknown}


   Skills:
 + Level 3.7 Dodging
 + Level 4.1 Stealth
 + Level 2.7 Spellcasting
 + Level 4.4 Conjurations
 + Level 3.6 Hexes
 + Level 3.6 Translocations


You had 2 spell levels left.
You knew the following spells:

 Your Spells              Type           Power      Damage    Failure   Level
a - Magic Dart            Conj           84%        1d7       1%          1
b - Searing Ray           Conj           42%        2d6       1%          2
c - Fulminant Prism       Conj/Hex       9%         3d7       11%         4

Your spell library contained the following spells:

 Spells                   Type           Power      Damage    Failure   Level
 Animate Skeleton         Necr           4%         N/A       6%          1
 Pain                     Necr           8%         1d4       6%          1
 Dazzling Flash           Conj/Hex       38%        N/A       3%          3
 Mephitic Cloud           Conj/Pois/Air  9%         N/A       9%          3
 Iskenderun's Mystic Bla  Conj/Tloc      19%        2d6       11%         4
 Ignite Poison            Fire/Tmut/Pois 2%         N/A       16%         3
 Vampiric Draining        Necr           2%         2d6       16%         3
 Freezing Cloud           Conj/Ice/Air   4%         6-21      61%         5


Dungeon Overview and Level Annotations

Branches:
Dungeon (5/15)
 Temple: D:4-7

Altars:
The Shining One

Annotations:
D:5 3 runed translucent doors, cbfl8's ghost, weakling MiDe


Innate Abilities, Weirdness & Mutations

You have sharp claws.
You have razor-sharp teeth.
You have supernaturally acute eyesight. (SInv)
You cover ground quickly. (Speed+)
You are covered in fur. (AC +1)
Your paws help you pounce on unaware monsters.
You are incapable of wielding weapons or throwing items.
You cannot wear armour.
You gain extra lives every three experience levels.


Message History

Your surroundings suddenly seem different.
A phantom comes into view.
You start resting.
You feel your willpower return.
You start resting.
Magic restored.
You start resting.
An ogre is nearby!
The ogre shouts!
The phantom closely misses you.
Found a scroll of identify.
Found a leather armour and a potion of curing.
You see here a scroll of identify.
Found a potion of curing.
Found a runed translucent gate.
Found a glowing ring mail and a glowing falchion.
Found a runed translucent gate.
a - 2 potions of curing (gained 1) Cbfl8's ghost turns its malevolent gaze towards you.
Found a cloak.
The hound barks!
Found 2 throwing nets.
A water moccasin zombie comes into view.
Found 15 gold pieces.
Found a stone staircase leading down.
An ice beast comes into view.
Found a scroll labelled POESSYCKIKH and a scroll labelled NATSAM HYKYHACH.
Found a scale mail.
A centaur zombie comes into view.
Found a stone staircase leading up.
There is a stone staircase leading up here.
You climb upwards.
There is a stone staircase leading down here.
You start resting.
A steam dragon is nearby!
The steam dragon hisses angrily.
The steam dragon breathes steam at you. The ball of steam hits you!!
Ouch! That really hurt!
You die...

#.# #.# #.########.# ###.#
#.# #.# #.# ....#
#####.####.########.####
#####
#..........D...........####
####
#.###......#..>....).......
...# #.#
######.########.##.####
##.####.# #§# ####.##.#
#.......# #§# #....##.#
#..###### #@# #.#####.#
#..# #.# #|......# #..# #.#
#######D# #..# #.# #.#
#..### #.# #.# #....#
#.###########.# #.##.#
#.............# #.##.#
#############.# ..##.#
#######.#


There were no monsters in sight!

Vanquished Creatures
  A scorpion (D:4)
  2 hounds
  An orc priest (D:3)
  4 adders
  3 worms (D:2)
  3 dart slugs
  3 orcs (D:3)
  4 bats
  4 endoplasms (D:3)
  3 giant cockroaches
  6 goblins
  8 hobgoblins
  4 jackals (D:3)
  2 quokkas
  4 ball pythons
  4 frilled lizards
  2 kobolds
  5 rats
  A fulminant prism (D:3)
64 creatures vanquished.

Vanquished Creatures (others)
  2 fulminant prisms
2 creatures vanquished.

Grand Total: 66 creatures vanquished

Notes
Turn   | Place    | Note
-------+----------+-------------------------------------------
     0 | D:1      | RascalDebosk the Felid Conjurer began the quest for the
                  | Orb.
     0 | D:1      | Reached XP level 1. HP: 7/7 MP: 4/4
   344 | D:1      | Reached skill level 1 in Translocations
   388 | D:1      | Reached skill level 1 in Hexes
   388 | D:1      | Reached XP level 2. HP: 11/11 MP: 3/6
   391 | D:1      | Learned a level 2 spell: Searing Ray
   416 | D:1      | Upgraded the game from 0.28.0-1-gb440e238dd to
                  | 0.28.0-43-g3370ac3207
   710 | D:1      | Found a faded altar of an unknown god.
  1537 | D:2      | Found a glowing golden altar of the Shining One.
  1788 | D:2      | Reached XP level 3. HP: 14/14 MP: 1/7
  3060 | D:3      | Reached XP level 4. HP: 17/18 MP: 2/8
  3734 | D:3      | Killed from afar by an orc priest
  3735 | D:3      | Reached XP level 3. HP: -8/14 MP: 3/7
  3949 | D:3      | Reached XP level 4. HP: 18/18 MP: 1/8
  4287 | D:3      | Learned a level 4 spell: Fulminant Prism
  5951 | D:4      | Reached XP level 5. HP: 13/21 MP: 5/9
  6354 | D:4      | Noticed a steam dragon
  6527 | D:5      | Entered Level 5 of the Dungeon
  6713 | D:5      | Noticed an ogre
  6720 | D:5      | Noticed a phantom
  6789 | D:5      | Found a runed translucent gate.
  6790 | D:5      | Found a runed translucent gate.
  6790 | D:5      | Found a runed translucent gate.
  6800 | D:5      | Noticed cbfl8's ghost (weakling MiDe)
  6817 | D:5      | Noticed an ice beast
  6909 | D:4      | Killed from afar by a steam dragon

Illustrated notes

Levels and vault maps discovered:
D:1:      matt_arrival_spirals, layout_loops_ring,
          dreamdust_ecumenical_altar_statues
D:2:      layout_basic, basic_altar, roderic_roman_lattice,
          chequers_serial_rivers_small_3
D:3:      layout_loops_ring, minmay_misc_feat_four_crosses
D:4:      layout_loops_ring, corexii_hall_statues_x
D:5:      layout_loops_ring, gammafunk_ghost_split

Skill      XL: |  1  2  3  4  5 |
---------------+----------------+-----
Translocations | 1 2 3 |  3.6
Hexes          | 1 2 3 |  3.6
Stealth        | 3 4 |  4.1
Dodging        | 3 |  3.7
Conjurations   | 4 |  4.4
Spellcasting   | |  2.7

Action                   |  1- 3 |  4- 6 || total
-------------------------+-------+-------++-------
Melee: Unarmed           |     5 |    10 ||    15
       Bite              |     1 |       ||     1
 Cast: Magic Dart        |    71 |    44 ||   115
       Searing Ray       |    14 |    11 ||    25
       Fulminant Prism   |       |     3 ||     3
  Use: Scroll            |       |     3 ||     3
       Potion            |       |     1 ||     1
Armor: Skin              |     3 |     3 ||     6
Dodge: Dodged            |    23 |    66 ||    89
Block: Other             |     6 |    23 ||    29
